BSA
POCATELLO BOCCABELLAS @ JERSEY SHORE D-BAGS
10/20/2026
 
TOP OF THE 1ST
Pocatello Boccabellas batting - Pitching for Jersey Shore D-Bags : RHP Cristóbal Santos
Pitching: RHP Cristóbal Santos
Batting: RHB José García 0-0: Ball
1-0: Called Strike
1-1: Swinging Strike
1-2: Ground out 5-3 (Groundball, 5L)
Batting: LHB Norberto Muńóz 0-0: Fly out, F8 (Flyball, 8RM)
Batting: RHB Marlon Phipps 0-0: Ball
1-0: Called Strike
1-1: Called Strike
1-2: Strikes out looking
Top of the 1st over - 0 run(s), 0 hit(s), 0 error(s), 0 left on base; Pocatello 0 - Jersey Shore 0
BOTTOM OF THE 1ST
Jersey Shore D-Bags batting - Pitching for Pocatello Boccabellas : RHP Kevin Bush
Pitching: RHP Kevin Bush
Batting: RHB Ricardo González 0-0: Called Strike
0-1: Fly out, F3 (Popup, 34)
Batting: RHB Luis Ríos 0-0: Ball
1-0: Bunt for hit - play at first, batter OUT! 1-3
Batting: LHB Dave Dodd 0-0: Foul Ball, location: 2F
0-1: Ball
1-1: Swinging Strike
1-2: Ball
2-2: Foul Ball, location: 2F
2-2: Ball
3-2: Base on Balls
Batting: LHB Pat Zimmerman 0-0: Called Strike
0-1: SINGLE (Groundball, 6MD)
Dave Dodd to second
Runner from 2nd tries for 3rd, SAFE, no throw or cutoff
Batting: RHB Matt Doyle 0-0: SINGLE (Groundball, 4M)
Dave Dodd scores
Pat Zimmerman to second
Runner from 2nd tries for 3rd, SAFE, no throw or cutoff
Batting: LHB Robert Phillips 0-0: Called Strike
0-1: Ground out 4-3 (Groundball, 4)
Bottom of the 1st over - 1 run(s), 2 hit(s), 0 error(s), 2 left on base; Pocatello 0 - Jersey Shore 1
TOP OF THE 2ND
Pocatello Boccabellas batting - Pitching for Jersey Shore D-Bags : RHP Cristóbal Santos
Batting: LHB Juan Cortés 0-0: Ball
1-0: Called Strike
1-1: Swinging Strike
1-2: Strikes out swinging
Batting: RHB Francisco Sandoval 0-0: Called Strike
0-1: Ball
1-1: Ball
2-1: Foul Ball, location: 2F
2-2: Fly out, F8 (Flyball, 8RD)
Batting: RHB Pedro Guzmán 0-0: Ground out 5-3 (Groundball, 5L)
Top of the 2nd over - 0 run(s), 0 hit(s), 0 error(s), 0 left on base; Pocatello 0 - Jersey Shore 1
BOTTOM OF THE 2ND
Jersey Shore D-Bags batting - Pitching for Pocatello Boccabellas : RHP Kevin Bush
Batting: RHB Miguel Serna 0-0: Ball
1-0: Foul Ball, location: 2F
1-1: Swinging Strike
1-2: Ball
2-2: Ground out 6-3 (Groundball, 6)
Batting: RHB John Moore 0-0: Foul Ball, location: 2F
0-1: Ball
1-1: Foul Ball, location: 2F
1-2: Ball
2-2: Ball
3-2: Ground out 6-3 (Groundball, 6)
Batting: RHB Cy Keynes 0-0: Called Strike
0-1: Called Strike
0-2: SINGLE (Line Drive, 56D)
Batting: RHB Ricardo González 0-0: Called Strike
0-1: Swinging Strike
0-2: 2-RUN HOME RUN (Flyball, 8RXD), Distance : 424 ft
Batting: RHB Luis Ríos 0-0: Ground out U3 (Groundball, 3S)
Bottom of the 2nd over - 2 run(s), 2 hit(s), 0 error(s), 0 left on base; Pocatello 0 - Jersey Shore 3
TOP OF THE 3RD
Pocatello Boccabellas batting - Pitching for Jersey Shore D-Bags : RHP Cristóbal Santos
Batting: LHB Jim Jensen 0-0: Ball
1-0: DOUBLE (Line Drive, 7D)
Batting: RHB José Delgado 0-0: SINGLE (Line Drive, 4D)
Jim Jensen to third
Runner from 3rd tries for Home, SAFE, throw made home
José Delgado to second
Batting: SHB Guillermo Ortíz 0-0: Ball
1-0: SINGLE (Groundball, 34D)
José Delgado to third
Batting: RHB José García 0-0: Grounds into double play, 4-6-3 (Groundball, 4)
José Delgado scores
Batting: LHB Norberto Muńóz 0-0: Called Strike
0-1: Ball
1-1: Called Strike
1-2: SINGLE (Line Drive, 34D)
Batting: RHB Marlon Phipps 0-0: Ball
Norberto Muńóz is caught stealing 2nd base
Top of the 3rd over - 2 run(s), 4 hit(s), 0 error(s), 0 left on base; Pocatello 2 - Jersey Shore 3
BOTTOM OF THE 3RD
Jersey Shore D-Bags batting - Pitching for Pocatello Boccabellas : RHP Kevin Bush
Batting: LHB Dave Dodd 0-0: Ball
1-0: Ball
2-0: Called Strike
2-1: Foul Ball, location: 2F
2-2: Ball
3-2: Fly out, F8 (Flyball, 8RD)
Batting: LHB Pat Zimmerman 0-0: SINGLE (Groundball, 4MD)
Batting: RHB Matt Doyle 0-0: Ball
Pat Zimmerman steals 2nd base
1-0: Fly out, F9 (Popup, 4D)
Batting: LHB Robert Phillips 0-0: Ball
Wild Pitch!
Pat Zimmerman to third
1-0: Ball
2-0: Foul Ball, location: 2F
2-1: Ground out 5-3 (Groundball, 5S)
Bottom of the 3rd over - 0 run(s), 1 hit(s), 0 error(s), 1 left on base; Pocatello 2 - Jersey Shore 3
TOP OF THE 4TH
Pocatello Boccabellas batting - Pitching for Jersey Shore D-Bags : RHP Cristóbal Santos
Batting: RHB Marlon Phipps 0-0: Foul Ball, location: 2F
0-1: Ball
1-1: SOLO HOME RUN (Flyball, 7D), Distance : 368 ft
Batting: LHB Juan Cortés 0-0: Called Strike
0-1: Ground out 4-3 (Groundball, 4S)
Batting: RHB Francisco Sandoval 0-0: Swinging Strike
0-1: Ball
1-1: Foul Ball, location: 2F
1-2: Strikes out swinging
Batting: RHB Pedro Guzmán 0-0: Called Strike
0-1: SINGLE (Line Drive, 8LS)
Batting: LHB Jim Jensen 0-0: Called Strike
0-1: Ball
1-1: Ball
2-1: Swinging Strike
2-2: Ball
3-2: Foul Ball, location: 2F
3-2: SINGLE (Groundball, 34)
Pedro Guzmán to second
Pedro Guzmán to third
Batting: RHB José Delgado 0-0: Foul Ball, location: 2F
0-1: Fly out, F8 (Flyball, 8LS)
Top of the 4th over - 1 run(s), 3 hit(s), 0 error(s), 2 left on base; Pocatello 3 - Jersey Shore 3
BOTTOM OF THE 4TH
Jersey Shore D-Bags batting - Pitching for Pocatello Boccabellas : RHP Kevin Bush
Batting: RHB Miguel Serna 0-0: SINGLE (Groundball, 4D)
Batting: RHB John Moore 0-0: Called Strike
Miguel Serna steals 2nd base
0-1: Ball
1-1: Ground out 6-3 (Groundball, 6)
Batting: RHB Cy Keynes 0-0: Ball
1-0: Ground out U3 (Groundball, 3)
Miguel Serna to third
Batting: RHB Ricardo González 0-0: Called Strike
0-1: Swinging Strike
0-2: Ball
1-2: Ball
2-2: Foul Ball, location: 2F
2-2: Foul Ball, location: 2F
2-2: Foul Ball, location: 2F
2-2: Ground out 1-3 (Groundball, 15)
Bottom of the 4th over - 0 run(s), 1 hit(s), 0 error(s), 1 left on base; Pocatello 3 - Jersey Shore 3
TOP OF THE 5TH
Pocatello Boccabellas batting - Pitching for Jersey Shore D-Bags : RHP Cristóbal Santos
Batting: SHB Guillermo Ortíz 0-0: Called Strike
0-1: Ball
1-1: Called Strike
1-2: Strikes out swinging
Batting: RHB José García 0-0: Called Strike
0-1: Ball
1-1: Swinging Strike
1-2: Ball
2-2: Ball
3-2: Ground out 4-3 (Groundball, 4)
Batting: LHB Norberto Muńóz 0-0: Foul Ball, location: 2F
0-1: Ground out 5-3 (Groundball, 6S)
Top of the 5th over - 0 run(s), 0 hit(s), 0 error(s), 0 left on base; Pocatello 3 - Jersey Shore 3
BOTTOM OF THE 5TH
Jersey Shore D-Bags batting - Pitching for Pocatello Boccabellas : RHP Kevin Bush
Batting: RHB Luis Ríos 0-0: Called Strike
0-1: Foul Ball, location: 2F
0-2: Ground out 6-3 (Groundball, 6)
Batting: LHB Dave Dodd 0-0: Ball
1-0: Called Strike
1-1: Fly out, F5 (Line Drive, 5)
Batting: LHB Pat Zimmerman 0-0: Fly out, F7 (Flyball, 7LD)
Bottom of the 5th over - 0 run(s), 0 hit(s), 0 error(s), 0 left on base; Pocatello 3 - Jersey Shore 3
TOP OF THE 6TH
Pocatello Boccabellas batting - Pitching for Jersey Shore D-Bags : RHP Cristóbal Santos
Batting: RHB Marlon Phipps 0-0: Foul Ball, location: 2F
0-1: Foul Ball, location: 2F
0-2: Ground out 6-3 (Groundball, 6)
Batting: LHB Juan Cortés 0-0: Called Strike
0-1: Fly out, F7 (Flyball, 78M)
Batting: RHB Francisco Sandoval 0-0: Called Strike
0-1: Fly out, F2 (Popup, 2RF)
Top of the 6th over - 0 run(s), 0 hit(s), 0 error(s), 0 left on base; Pocatello 3 - Jersey Shore 3
BOTTOM OF THE 6TH
Jersey Shore D-Bags batting - Pitching for Pocatello Boccabellas : RHP Kevin Bush
Batting: RHB Matt Doyle 0-0: Foul Ball, location: 2F
0-1: Foul Ball, location: 2F
0-2: Ball
1-2: Ground out 5-3 (Groundball, 5L)
Batting: LHB Robert Phillips 0-0: Fly out, F7 (Flyball, 78D)
Batting: RHB Miguel Serna 0-0: SINGLE (Flyball, 9LS)
Batting: RHB John Moore 0-0: Ball
Miguel Serna steals 2nd base
1-0: SINGLE (Groundball, 56D)
Miguel Serna to third
Runner from 3rd tries for Home, throw and OUT!
Bottom of the 6th over - 0 run(s), 2 hit(s), 0 error(s), 1 left on base; Pocatello 3 - Jersey Shore 3
TOP OF THE 7TH
Pocatello Boccabellas batting - Pitching for Jersey Shore D-Bags : RHP Cristóbal Santos
Batting: RHB Pedro Guzmán 0-0: Ball
1-0: Foul Ball, location: 2F
1-1: Ball
2-1: Ground out 6-3 (Groundball, 6M)
Batting: LHB Jim Jensen 0-0: Ball
1-0: Called Strike
1-1: Ball
2-1: Fly out, F8 (Flyball, 8LM)
Batting: RHB José Delgado 0-0: Ball
1-0: Ball
2-0: Fly out, F4 (Popup, 4D)
Top of the 7th over - 0 run(s), 0 hit(s), 0 error(s), 0 left on base; Pocatello 3 - Jersey Shore 3
BOTTOM OF THE 7TH
Jersey Shore D-Bags batting - Pitching for Pocatello Boccabellas : RHP Kevin Bush
Batting: RHB Cy Keynes 0-0: Ball
1-0: Ground out 6-3 (Groundball, 6)
Batting: RHB Ricardo González 0-0: Called Strike
0-1: Ball
1-1: Foul Ball, location: 2F
1-2: Ball
2-2: Fly out, F4 (Popup, 3DF)
Batting: RHB Luis Ríos 0-0: Ground out 5-3 (Groundball, 5)
Bottom of the 7th over - 0 run(s), 0 hit(s), 0 error(s), 0 left on base; Pocatello 3 - Jersey Shore 3
TOP OF THE 8TH
Pocatello Boccabellas batting - Pitching for Jersey Shore D-Bags : RHP Cristóbal Santos
Pitching: LHP Hyo-chin Kim
Batting: SHB Guillermo Ortíz 0-0: Ball
1-0: SINGLE (Groundball, 56D)
Batting: RHB José García 0-0: Called Strike
0-1: SINGLE (Groundball, 4S) (infield hit)
Guillermo Ortíz to second
Batting: LHB Norberto Muńóz 0-0: Foul Ball, location: 2F
0-1: Ball
1-1: Bunted foul
1-2: Ball
2-2: Foul Ball, location: 2F
2-2: Foul Ball, location: 2F
2-2: Strikes out swinging
Batting: RHB Marlon Phipps 0-0: Ball
1-0: Ball
2-0: Ball
3-0: Called Strike
3-1: Foul Ball, location: 2F
3-2: Ground out 5-3 (Groundball, 56S)
Guillermo Ortíz to third
José García to second
Batting: LHB Juan Cortés 0-0: Ground out 4-3 (Groundball, 4M)
Top of the 8th over - 0 run(s), 2 hit(s), 0 error(s), 2 left on base; Pocatello 3 - Jersey Shore 3
BOTTOM OF THE 8TH
Jersey Shore D-Bags batting - Pitching for Pocatello Boccabellas : RHP Kevin Bush
Batting: LHB Dave Dodd 0-0: Ball
1-0: Swinging Strike
1-1: Swinging Strike
1-2: Ball
2-2: Ball
3-2: SINGLE (Line Drive, 8LS)
Batting: LHB Pat Zimmerman 0-0: Called Strike
0-1: Ball
1-1: Swinging Strike
1-2: Ball
2-2: Fielders Choice at 2nd, 5-4 (Groundball, 56)
Pinch Hitting: LHB Dave Watt 0-0: Foul Ball, location: 2F
0-1: Ball
1-1: Ground out 5-3 (Groundball, 56S)
Pat Zimmerman to second
Batting: LHB Robert Phillips 0-0: Called Strike
0-1: Swinging Strike
0-2: Ball
1-2: Ball
2-2: Ball
3-2: Foul Ball, location: 2F
3-2: Strikes out swinging
Bottom of the 8th over - 0 run(s), 1 hit(s), 0 error(s), 1 left on base; Pocatello 3 - Jersey Shore 3
TOP OF THE 9TH
Pocatello Boccabellas batting - Pitching for Jersey Shore D-Bags : LHP Hyo-chin Kim
Pitching: LHP Gerald Johnson
Now in LF: Dave Watt
Batting: RHB Francisco Sandoval 0-0: Called Strike
0-1: Foul Ball, location: 2F
0-2: Strikes out swinging
Batting: RHB Pedro Guzmán 0-0: Ground out 4-3 (Groundball, 13)
Pinch Hitting: RHB Fabrice Brodeur 0-0: Ball
1-0: SINGLE (Line Drive, 8RS)
Batting: RHB José Delgado 0-0: Fielders Choice at 2nd, U6 (Groundball, 6M)
Top of the 9th over - 0 run(s), 1 hit(s), 0 error(s), 1 left on base; Pocatello 3 - Jersey Shore 3
BOTTOM OF THE 9TH
Jersey Shore D-Bags batting - Pitching for Pocatello Boccabellas : RHP Kevin Bush
Pitching: RHP Adrián Martínez
Now at SS: Fabrice Brodeur
Batting: RHB Miguel Serna 0-0: Ball
1-0: Foul Ball, location: 2F
1-1: Foul Ball, location: 2F
1-2: Ball
2-2: Strikes out swinging
Batting: RHB John Moore 0-0: Called Strike
0-1: Ball
1-1: Ground out 5-3 (Groundball, 56)
Batting: RHB Cy Keynes 0-0: Ground out 6-3 (Groundball, 6)
Bottom of the 9th over - 0 run(s), 0 hit(s), 0 error(s), 0 left on base; Pocatello 3 - Jersey Shore 3
TOP OF THE 10TH
Pocatello Boccabellas batting - Pitching for Jersey Shore D-Bags : LHP Gerald Johnson
Batting: SHB Guillermo Ortíz 0-0: Ground out U3 (Groundball, 3S)
Batting: RHB José García 0-0: Ball
1-0: Ball
2-0: Called Strike
2-1: Foul Ball, location: 2F
2-2: SINGLE (Line Drive, 89S)
Batting: LHB Norberto Muńóz 0-0: Ball
1-0: Ball
2-0: Called Strike
2-1: Ball
3-1: Base on Balls
José García to second
Batting: RHB Marlon Phipps 0-0: Called Strike
0-1: Ball
1-1: Called Strike
1-2: Strikes out looking
Batting: LHB Juan Cortés 0-0: Called Strike
0-1: Ball
1-1: Foul Ball, location: 2F
1-2: Strikes out swinging
Top of the 10th over - 0 run(s), 1 hit(s), 0 error(s), 2 left on base; Pocatello 3 - Jersey Shore 3
BOTTOM OF THE 10TH
Jersey Shore D-Bags batting - Pitching for Pocatello Boccabellas : RHP Adrián Martínez
Batting: RHB Ricardo González 0-0: Ground out 6-3 (Groundball, 6)
Batting: RHB Luis Ríos 0-0: Called Strike
0-1: Ball
1-1: Ball
2-1: Foul Ball, location: 2F
2-2: Ground out 5-3 (Groundball, 5S)
Batting: LHB Dave Dodd 0-0: Ball
1-0: DOUBLE (Flyball, 8LXD)
Batting: LHB Pat Zimmerman 0-0: Foul Ball, location: 2F
0-1: DOUBLE (Line Drive, 7LM)
Dave Dodd scores
Monday, December 5th, 2016 - OOTP Baseball 17.12 Build 75